 Dungeon Crawl Stone Soup version 0.31.0-11-ge490571c62 (webtiles) character file.

Game seed: 1881293281524940775

1380 qw the Skirmisher (level 8, -2/46 HPs)
             Began as a Deep Elf Hunter on Feb 4, 2024.
             Was a Follower of Okawaru.
             Slain by a yak (6 damage)
             ... on level 6 of the Dungeon.
             The game lasted 00:00:24 (4208 turns).

qw the Skirmisher (Deep Elf Hunter)                 Turns: 4208, Time: 00:00:24

Health: -2/46      AC: 12    Str: 10    XL:     8   Next: 39%
Magic:  13/13      EV:  9    Int: 15    God:    Okawaru [*.....]
Gold:   150        SH:  5    Dex: 18    Spells: 7/7 levels left

rFire   . . .        a - +1 shortbow
rCold   . . .        (shield currently unavailable)
rNeg    + . .        o - +3 scale mail of a treasure trove {rN+ Will+}
rPois   .            l - +0 helmet
rElec   .            h - +1 cloak
rCorr   .            (no gloves)
SInv    .            (no boots)
Will    ++...        i - amulet "Bugg" {Reflect Will+ SH+5}
Stlth   +            (no ring)
HPRegen 0.27/turn    (no ring)
MPRegen 0.13/turn

%: reflection
@: no status effects
A: no striking features
a: Renounce Religion, Heroism


You were on level 6 of the Dungeon.
You worshipped Okawaru.
Okawaru was aware of your devotion.
You visited 2 branches of the dungeon, and saw 7 of its levels.

You collected 150 gold pieces.


   Skills:
 - Level 3.1 Fighting
 + Level 12.1 Ranged Weapons
 - Level 2.0 Armour
 - Level 3.0 Dodging
 - Level 1.2 Stealth
 - Level 4.0 Invocations


You had 7 spell levels left.
You didn't know any spells.
Your spell library was empty.

Inventory:

Hand Weapons
 a - a +1 shortbow (weapon)
Armour
 h - a +1 cloak (worn)
 l - a +0 helmet (worn)
 o - the +3 scale mail of a treasure trove (worn) {rN+ Will+}
   (You found it on level 3 of the Dungeon)

   rN+:       It protects you from negative energy.
   Will+:     It increases your willpower.
Jewellery
 d - a ring of ice
 i - the amulet "Bugg" (around neck) {Reflect Will+ SH+5}
   (You found it on level 2 of the Dungeon)

   [amulet of reflection]

   Reflect:   It reflects blocked missile attacks.
   Will+:     It increases your willpower.
   SH+5:      It affects your SH (+5).
Wands
 j - a wand of roots (7)
 k - a wand of flame (13)
Potions
 b - 5 potions of curing
 c - a potion of enlightenment
 e - a potion of invisibility {unknown}
 f - a potion of haste {unknown}
 m - a potion of resistance {unknown}

Dungeon Overview and Level Annotations

Branches:
Dungeon (6/15)             Temple (1/1) D:4

Altars:
Ashenzari
Cheibriados
Dithmenos
Elyvilon
Gozag
Hepliaklqana
Kikubaaqudgha
Makhleb
Nemelex Xobeh
Okawaru
Qazlal
Ru
Sif Muna
Trog
Uskayaw
Vehumet
Wu Jian
Xom
Yredelemnul
Zin
The Shining One


Message History

A hound comes into view.
You hear a bellow!
You hear a shout!
You shoot an arrow. The arrow hits the orc.
The orc is almost dead.
The orc barely misses you.
You shoot an arrow. The arrow hits the orc.
You kill the orc!
Okawaru accepts your kill.
The orc throws a stone.
The stone barely misses you.
You shoot an arrow. The arrow hits the hound!
The hound is severely wounded.
The hound bites you but does no damage. You block the hound's attack.
You shoot an arrow. The arrow hits the hound!
You kill the hound!
Okawaru accepts your kill.
You shoot an arrow. The arrow hits the orc.
The orc is heavily wounded.
The orc hits you but does no damage.
You shoot an arrow. The arrow barely misses the orc.
You shoot an arrow. The arrow hits the yak!
The yak is moderately wounded.
You block the yak's attack.
The orc sings a few bars from the Orcish anthem.
You shoot an arrow. The arrow hits the yak!
The yak is heavily wounded.
The yak gores you but does no damage.
You shoot an arrow. The arrow hits the yak.
The yak is severely wounded.
The yak barely misses you.
You shoot an arrow. The arrow barely misses the yak.
The arrow closely misses the orc.
The yak gores you.
A troll comes into view.
You shoot an arrow. The arrow hits the yak!
The yak is almost dead.
The yak gores you but does no damage.
You shoot an arrow. The arrow barely misses the yak.
The arrow barely misses the orc.
The yak gores you.
You die...

.........#
~.....)..#
~....._..###...#
~~....7..#.....#
~.......(#.#...#.
...(.....#......
........(#....###[
####@##....h..Y
#..#Y#...$..#
###...o.......#
...............#!
####..............
#.#........###.
##.##..........
#..<.##.###....^
#..##..#.# ....#


You could see a yak and an orc.

Vanquished Creatures
  Grinder (D:5)
  Sigmund (D:3)
  An ice beast (D:5)
  A black bear (D:4)
  A phantom (D:5)
  A bullfrog (D:6)
  3 scorpions
  A jelly (D:5)
  A howler monkey (D:6)
  2 orc priests (D:5)
  4 hounds
  An iguana (D:6)
  Natasha (thrice) (D:3)
  Terence (D:2)
  6 adders
  2 ufetubi (D:5)
  2 dart slugs
  5 orcs
  9 endoplasms
  2 giant cockroaches
  5 goblins
  2 hobgoblins
  4 jackals (D:3)
  7 kobolds
  5 ball pythons
  6 bats
  11 frilled lizards
  6 rats
94 creatures vanquished.

Notes
Turn   | Place    | Note
-------+----------+-------------------------------------------
     0 | D:1      | qw the Deep Elf Hunter began the quest for the Orb.
     0 | D:1      | Reached XP level 1. HP: 12/12 MP: 3/3
     0 | D:1      | 0 ||| qw: Version: 0.3-a-160-g6735b56
     0 | D:1      | 0 ||| qw: Game counter: 4629
     0 | D:1      | 0 ||| qw: Melee chars always use a shield: true
     0 | D:1      | 0 ||| qw: God list: Okawaru
     0 | D:1      | 0 ||| qw: Allow faded altars: false
     0 | D:1      | 0 ||| qw: Do Orc after clearing Dungeon:15 true
     0 | D:1      | 0 ||| qw: Do second Lair branch before Depths: true
     0 | D:1      | 0 ||| qw: Lair rune preference: random
     0 | D:1      | 0 ||| qw: Goals: Normal
     0 | D:1      | 0 ||| PLANNING D:1-11
   173 | D:1      | Reached XP level 2. HP: 16/16 MP: 4/4
   188 | D:1      | Reached skill level 6 in Ranged Weapons
   617 | D:1      | 617 ||| UPGRADING to +0 scale mail.
   627 | D:1      | 627 ||| DROPPING +0 leather armour.
   628 | D:1      | 628 ||| READING scroll labelled JIETRO VOASA.
   632 | D:1      | 632 ||| READING scroll labelled NOSUNERAICW.
   633 | D:1      | 633 ||| DROPPING scroll of butterflies.
   752 | D:2      | Reached XP level 3. HP: 19/20 MP: 5/5
   814 | D:2      | Identified the amulet "Bugg" {Reflect Will+ SH+5}
   881 | D:2      | Found a sparkling altar of Nemelex Xobeh.
  1015 | D:2      | Reached skill level 7 in Ranged Weapons
  1083 | D:2      | Noticed Terence
  1091 | D:2      | Killed Terence
  1092 | D:2      | Reached XP level 4. HP: 14/25 MP: 6/6
  1290 | D:2      | 1290 ||| UPGRADING to +0 cloak.
  1295 | D:2      | 1295 ||| UPGRADING to amulet "Bugg" {Reflect Will+ SH+5}.
  1300 | D:2      | 1300 ||| READING scroll labelled ACWYETRIUF.
  1300 | D:2      | 1300 ||| IDENTIFYING bubbling purple potion
  1301 | D:2      | 1301 ||| READING scroll labelled ANOL MOMOASCH.
  1301 | D:2      | 1301 ||| ENCHANTING +0 shortbow.
  1302 | D:2      | 1302 ||| READING scroll labelled FOPHAM QIDIYBB.
  1302 | D:2      | 1302 ||| ENCHANTING +0 cloak.
  1341 | D:3      | Noticed Natasha
  1350 | D:3      | Killed Natasha
  1351 | D:3      | Reached skill level 8 in Ranged Weapons
  1406 | D:3      | Noticed Natasha
  1410 | D:3      | Killed Natasha
  1458 | D:3      | Noticed Natasha
  1461 | D:3      | 1461 ||| FLEEEEING.
  1462 | D:3      | 1462 ||| FLEEEEING.
  1463 | D:3      | 1463 ||| FLEEEEING.
  1464 | D:3      | 1464 ||| FLEEEEING.
  1465 | D:3      | 1465 ||| FLEEEEING.
  1466 | D:3      | 1466 ||| FLEEEEING.
  1467 | D:3      | 1467 ||| FLEEEEING.
  1468 | D:3      | 1468 ||| FLEEEEING.
  1469 | D:3      | 1469 ||| FLEEEEING.
  1470 | D:3      | 1470 ||| FLEEEEING.
  1479 | D:3      | Killed Natasha
  1480 | D:3      | Reached XP level 5. HP: 21/29 MP: 7/7
  1528 | D:3      | Identified the +5 mace of Equilibrium {flame, Fly rN+
                  | Int+4}
  1704 | D:3      | Identified the +3 scale mail of a treasure trove {rN+
                  | Will+}
  1762 | D:3      | Noticed Sigmund
  1767 | D:3      | Killed Sigmund
  1768 | D:3      | Reached skill level 10 in Ranged Weapons
  1768 | D:3      | Reached XP level 6. HP: 21/34 MP: 8/8
  2054 | D:3      | 2054 ||| UPGRADING to +0 helmet.
  2059 | D:3      | 2059 ||| UPGRADING to +3 scale mail of a treasure trove
                  | {rN+ Will+}.
  2069 | D:3      | 2069 ||| DROPPING +0 scale mail.
  2070 | D:3      | 2070 ||| READING 2 scrolls of identify.
  2070 | D:3      | 2070 ||| IDENTIFYING fuming yellow potion
  2071 | D:3      | 2071 ||| READING scroll of identify.
  2071 | D:3      | 2071 ||| IDENTIFYING scroll labelled KUTRIKLE XYPS
  2072 | D:3      | 2072 ||| READING scroll labelled TOBRYCZUETA.
  2173 | D:3      | 2173 ||| READING scroll labelled BIRU VUOCALOJAKK.
  2174 | D:3      | 2174 ||| DROPPING scroll of fog.
  2176 | D:3      | 2176 ||| Stepping ~*~*~tactically~*~*~ (cloud).
  2307 | D:4      | Found a hazy altar of Hepliaklqana.
  2381 | D:4      | Found a sacrificial altar of Ru.
  2503 | D:4      | Reached XP level 7. HP: 19/40 MP: 9/9
  2702 | D:4      | Found a staircase to the Ecumenical Temple.
  2703 | D:4      | 2703 ||| PLANNING TEMPLE
  2708 | Temple   | Entered the Ecumenical Temple
  2709 | Temple   | 2709 ||| PLANNING OKAWARU WORSHIP
  2727 | Temple   | Became a worshipper of Warmaster Okawaru
  2728 | Temple   | 2728 ||| PLANNING D:1-11
  2820 | D:4      | Found a glowing golden altar of the Shining One.
  3079 | D:4      | Found a burning altar of Makhleb.
  3108 | D:5      | Entered Level 5 of the Dungeon
  3206 | D:5      | Noticed Grinder
  3223 | D:5      | Killed Grinder
  3224 | D:5      | Reached skill level 11 in Ranged Weapons
  3225 | D:5      | 3225 ||| FLEEEEING.
  3226 | D:5      | 3226 ||| FLEEEEING.
  3227 | D:5      | 3227 ||| FLEEEEING.
  3228 | D:5      | 3228 ||| FLEEEEING.
  3229 | D:5      | 3229 ||| FLEEEEING.
  3230 | D:5      | 3230 ||| FLEEEEING.
  3231 | D:5      | 3231 ||| FLEEEEING.
  3238 | D:5      | Reached * piety under Okawaru
  3266 | D:5      | Reached skill level 3 in Dodging
  3266 | D:5      | Reached skill level 1 in Invocations
  3356 | D:5      | 3356 ||| RETREEEEATING.
  3358 | D:5      | 3358 ||| RETREEEEATING.
  3359 | D:5      | 3359 ||| RETREEEEATING.
  3360 | D:5      | 3360 ||| RETREEEEATING.
  3361 | D:5      | 3361 ||| RETREEEEATING.
  3362 | D:5      | 3362 ||| RETREEEEATING.
  3363 | D:5      | 3363 ||| RETREEEEATING.
  3364 | D:5      | 3364 ||| RETREEEEATING.
  3365 | D:5      | 3365 ||| RETREEEEATING.
  3366 | D:5      | 3366 ||| RETREEEEATING.
  3367 | D:5      | 3367 ||| RETREEEEATING.
  3368 | D:5      | 3368 ||| RETREEEEATING.
  3369 | D:5      | 3369 ||| RETREEEEATING.
  3370 | D:5      | 3370 ||| RETREEEEATING.
  3371 | D:5      | 3371 ||| RETREEEEATING.
  3372 | D:5      | 3372 ||| RETREEEEATING.
  3373 | D:5      | 3373 ||| RETREEEEATING.
  3380 | D:5      | Reached XP level 8. HP: 12/44 MP: 11/11
  3380 | D:5      | HP: 11/44 [poisoned by a scorpion]
  3381 | D:5      | 3381 ||| READING scroll of teleportation.
  3891 | D:5      | Reached skill level 12 in Ranged Weapons
  3945 | D:5      | Reached skill level 3 in Invocations
  4133 | D:5      | 4133 ||| READING 2 scrolls labelled GOZAWK GUINARA.
  4134 | D:5      | 4134 ||| DROPPING scroll of revelation.
  4158 | D:6      | 4158 ||| RETREEEEATING.
  4171 | D:6      | 4171 ||| RETREEEEATING.
  4171 | D:6      | Found an ornate altar of the Wu Jian Council.
  4172 | D:6      | 4172 ||| RETREEEEATING.
  4176 | D:6      | 4176 ||| RETREEEEATING.
  4187 | D:6      | HP: 10/45 [bullfrog (7)]
  4192 | D:6      | HP: 6/45 [bullfrog (4)]
  4196 | D:6      | Reached skill level 3 in Fighting
  4206 | D:6      | HP: 4/46 [yak (5)]
  4206 | D:6      | Noticed a troll
  4208 | D:6      | Slain by a yak

Levels and vault maps discovered:
D:1:      sevenhm_arrival_forest_fort_small_3, layout_loops_ring,
          minmay_lizard_pond
D:2:      layout_loops_cross, basic_altar, uniq_terence
D:3:      layout_loops_ring, uniq_sigmund, uniq_natasha
D:4:      layout_basic, nicolae_overflow_quartered_altars,
          minmay_temple_entry_fiery
D:5:      layout_basic, uniq_grinder
D:6:      hangedman_cross_stitches, layout_rooms, nzn_wu_jian_contemplation
Temple:   nicolae_temple_slightly_damp_pantheon

Skill      XL: |  1  2  3  4  5  6  7  8 |
---------------+-------------------------+-----
Ranged Weapons | 6 7 8 10 11 12 | 12.1
Armour         | 2 |  2.0
Fighting       | 2 3 |  3.1
Dodging        | 3 |  3.0
Invocations    | 2 4 |  4.0
Stealth        | |  1.2

Action                     |  1- 3 |  4- 6 |  7- 9 || total
---------------------------+-------+-------+-------++-------
   Fire: Shortbow          |    82 |    90 |   161 ||   333
    Use: Scroll            |     2 |     7 |     2 ||    11
 Armour: Leather armour    |     3 |       |       ||     3
         Scale mail        |    17 |    43 |    99 ||   159
  Dodge: Dodged            |    17 |    22 |    66 ||   105
  Block: Other             |       |     6 |    20 ||    26

Table legend:
 A = Non-vault XP
 B = Vault XP
 C = Vault XP percentage of total XP
 D = Non-vault monster count
 E = Vault monster count
 F = Vault count percentage of total count
                 A         B        C        D         E       F
            +---------+---------+-------+---------+---------+-------
      Total |    1170 |     802 |  40.7 |      77 |      17 |  18.1
            +---------+---------+-------+---------+---------+-------
        D:1 |      25 |       8 |  24.2 |      18 |       8 |  30.8
        D:2 |      49 |      36 |  42.4 |      16 |       1 |   5.9
        D:3 |     110 |     259 |  70.2 |      16 |       2 |  11.1
        D:4 |     266 |       0 |   0.0 |      10 |       0 |   0.0
        D:5 |     678 |     272 |  28.6 |      16 |       1 |   5.9
        D:6 |      42 |     227 |  84.4 |       1 |       5 |  83.3
            +---------+---------+-------+---------+---------+-------
